 Dungeon Crawl Stone Soup version 0.17.1-3-g152610e (webtiles) character file.

15 Mechanique the Magician (level 2, -1/19 HPs)
             Began as a Mummy Wizard on Mar 15, 2016.
             Slain by a goblin
             ... wielding a +0 club
              (5 damage)
             ... on level 1 of the Dungeon.
             The game lasted 00:03:33 (877 turns).

Mechanique the Magician (Mummy Wizard)               Turns: 877, Time: 00:03:33

Health: -1/19      AC:  2    Str: 10    XL:     2   Next: 34%
Magic:  1/6        EV: 12    Int: 17    God:
Gold:   34         SH:  0    Dex: 10    Spells: 1 memorised, 6 levels left

rFire  x . .     SeeInvis .     e - +0 club
rCold  + . .     Clarity  .     a - +0 robe
rNeg   + + +     SustAt   .     (no shield)
rPois  ∞         Gourm    .     b - +0 hat
rElec  .         Spirit   .     (no cloak)
rCorr  .         Warding  .     (no gloves)
rMut   .         Stasis   .     (no boots)
MR     .....                    (no amulet)
Stlth  ++........               (no ring)
                                (no ring)

@: very slightly contaminated, not resistant to hostile enchantments, unstealthy
A: no food or potions, fire vulnerability, cold resistance 1, negative energy
resistance 3, torment resistance, unbreathing
a: no special abilities


You were on level 1 of the Dungeon.
You were not hungry.

You visited 1 branch of the dungeon, and saw 1 of its levels.

You collected 34 gold pieces.

Inventory:

Hand Weapons
 e - a +0 club (weapon)
Armour
 a - a +0 robe (worn)
 b - a +0 hat (worn)
 h - a +2 ring mail of positive energy
Scrolls
 d - a scroll of immolation {unknown}
 f - a scroll of remove curse {unknown}
 g - a scroll of fog {unknown}
Books
 c - a book of Minor Magic

   Spells                             Type                      Level
   a - Magic Dart                     Conjuration                  1
   b - Blink                          Translocation                2
   c - Call Imp                       Summoning                    2
   d - Repel Missiles                 Charms/Air                   2
   e - Slow                           Hexes                        2
   f - Conjure Flame                  Conjuration/Fire             3
   g - Mephitic Cloud                 Conjuration/Poison/Air       3


   Skills:
 - Level 1.5 Dodging
 - Level 1.5 Stealth
 + Level 3.3 Spellcasting
 + Level 1.3 Conjurations
   Level 0.7 Summonings
   Level 0.7 Translocations


You had 6 spell levels left.
You knew the following spells:

 Your Spells              Type           Power        Failure   Level  Hunger
a - Magic Dart            Conj           #...         12%         1    N/A

Dungeon Overview and Level Annotations

Branches:
Dungeon (1/15)

Altars:


Innate Abilities, Weirdness & Mutations

You do not eat or drink.
Your flesh is vulnerable to fire.
You are immune to poison.
Your flesh is cold resistant.
You are immune to negative energy.
You are immune to unholy pain and torment.
You can survive without breathing.


Message History

You miscast Magic Dart.
Nothing appears to happen.
A goblin comes into view. It is wielding a club.
The goblin hits you but does no damage.
Casting: Magic Dart
Confirm with . or Enter, or press ? or * to list all spells.
Aiming: Magic Dart
Press: ? - help, Shift-Dir - straight line, f/p - hobgoblin
Aim: a hobgoblin, wielding a club The magic dart hits the hobgoblin.
The goblin hits you with a club.
You closely miss the goblin. The goblin barely misses you.
You closely miss the goblin. The goblin hits you but does no damage.
The hobgoblin hits you with a club.
You miss the goblin. The goblin barely misses you.
The hobgoblin hits you with a club.
You completely miss the goblin. The goblin closely misses you.
The hobgoblin closely misses you. The goblin closely misses you.
You barely miss the goblin. The hobgoblin hits you with a club.
* * * LOW HITPOINT WARNING * * *
The goblin hits you with a club.
You die...

...†...# #.#.##.# #..#...
################.#.##.########...
.......†........>.............#.#
################.#.##.#######...#
......................# #.###
#########.######.#.#..# #.#
........#..# #.#.#..# #.#
#######.##.# #g#.#..# #.#
...........# #@#.#..# #.#
########.#.## #g#.#..# #.#
.........#..# #.#.#..#
.######..#..# #.#.#... .#
#..#..## #.#.# .######..#...# #.#
.........#.#.###.#
#######.##.#..##.#
........##.##.##.#


You could see a hobgoblin and a goblin.

Vanquished Creatures
  A bat (D:1)
  3 hobgoblins (D:1)
  2 kobolds (D:1)
  A giant cockroach (D:1)
  2 giant newts (D:1)
  4 goblins (D:1)
  2 rats (D:1)
15 creatures vanquished.

Notes
Turn   | Place    | Note
--------------------------------------------------------------
     0 | D:1      | Mechanique the Mummy Wizard began the quest for the Orb.
     0 | D:1      | Reached XP level 1. HP: 13/13 MP: 4/4
   128 | D:1      | Reached skill level 1 in Conjurations
   437 | D:1      | Reached XP level 2. HP: 14/19 MP: 1/6
   877 | D:1      | Slain by a goblin

Action                   || total
-------------------------++-------
Melee: Club              ||     9
       Unarmed           ||     1
 Cast: Magic Dart        ||    31
